 Dungeon Crawl Stone Soup version 0.29.1-2-gbd0b4ee654 (webtiles) character file.

Game seed: 2382973185804786266

70 xian the Trooper (level 4, -2/37 HPs)
             Began as a Demonspawn Abyssal Knight on Nov 13, 2022.
             Was a Believer of Lugonu.
             Slain by a gnoll
             ... wielding a +0 spear
              (4 damage)
             ... on level 2 of the Dungeon.
             The game lasted 00:02:45 (1544 turns).

xian the Trooper (Demonspawn Abyssal Knight)        Turns: 1544, Time: 00:02:45

Health: -2/37      AC: 11    Str: 15    XL:     4   Next: 3%
Magic:  6/6        EV:  6    Int: 12    God:    Lugonu [**....]
Gold:   80         SH:  0    Dex: 13    Spells: 3/3 levels left

rFire   . . .      SeeInvis .   a - +1 hand axe
rCold   . . .      Faith    .   (no shield)
rNeg    . . .      Spirit   .   e - +0 plate armour
rPois   .          Reflect  .   (no helmet)
rElec   .          Harm     .   (no cloak)
rCorr   .          Rampage  .   (no gloves)
Will    .....                   (no boots)
Stlth   ..........              (no amulet)
HPRegen 0.12/turn               (no ring)
MPRegen 0.10/turn               (no ring)

@: mighty
A: hooves 2, repulsion field 1
a: Renounce Religion, Depart the Abyss, Bend Space


You were on level 2 of the Dungeon.
You worshipped Lugonu.
Lugonu was pleased with you.
You visited 1 branch of the dungeon, and saw 2 of its levels.
You visited the Abyss 1 time.

You collected 80 gold pieces.

Inventory:

Hand Weapons
 a - a +1 hand axe (weapon)
Armour
 e - a +0 plate armour (worn)
Scrolls
 c - a scroll of enchant weapon {unknown}
 f - a scroll of butterflies {unknown}
 j - a scroll of fear {unknown}
 k - a scroll of immolation {unknown}
Potions
 b - a potion of mutation {unknown}
 g - a potion of curing {unknown}
 h - a potion of haste {unknown}
 i - a potion of heal wounds {unknown}
 l - a potion of magic {unknown}


   Skills:
 + Level 3.8 Fighting
 + Level 2.6 Axes
 + Level 2.4 Armour
 + Level 1.0 Dodging
 * Level 2.7 Invocations


You had 3 spell levels left.
You didn't know any spells.
Your spell library contained the following spells:

 Spells                   Type           Power      Damage    Failure   Level
 Ozocubu's Armour         Ice            0%         N/A       100%        3
 Metabolic Englaciation   Hex/Ice        0%         N/A       100%        5
 Simulacrum               Ice/Necr       0%         N/A       100%        6


Dungeon Overview and Level Annotations

Branches:
Dungeon (2/15)

Altars:


Innate Abilities, Weirdness & Mutations

You have hoof-like feet.
You are surrounded by a mild repulsion field. (EV +2)


Message History

The gnoll is moderately wounded.
The gnoll hits you but does no damage. The gnoll hits you with a +0 spear.
Unknown command.
You slash the gnoll!
The gnoll is almost dead.
The gnoll hits you but does no damage. The gnoll closely misses you.
The gnoll hits you from afar with a +0 spear.
The gnoll hits you with a +0 spear.
* * * LOW HITPOINT WARNING * * *
Unknown command.
You barely miss the gnoll.
The gnoll is almost dead.
The gnoll hits you but does no damage. The gnoll closely misses you.
Unknown command.
You hit the gnoll.
You kill the gnoll!
Lugonu accepts your kill. The gnoll hits you but does no damage.
You have reached level 4!
You feel clever.
Your demonic ancestry asserts itself...
Your feet thicken and deform.
The gnoll hits you but does no damage.
Things that are here:
a +0 spear; a gnoll corpse You closely miss the gnoll.
The gnoll barely misses you.
Unknown command.
You barely miss the gnoll. You kick the gnoll.
The gnoll is lightly wounded.
The gnoll hits you with a +0 spear.
* * * LOW HITPOINT WARNING * * *
Unknown command.
You barely miss the gnoll. You kick the gnoll.
The gnoll is heavily wounded.
The gnoll hits you with a +0 spear.
* * * LOW HITPOINT WARNING * * *
Unknown command.
It was a potion of might.
You feel very mighty all of a sudden. The gnoll hits you with a +0 spear.
You die...

####........#
#........######
#.#.##........#
####.#.####.####.#
.....#.........#.#
###########.##.#.#
...............#.#
###########.####)#
#.# #@# #.# #g#
#.# #.# #.# #.#
#.# #.# #.# #.#
#.# #.# #.#


You could see a gnoll.

Vanquished Creatures
  3 gnolls (D:2)
  A dart slug (D:1)
  5 endoplasms (D:1)
  A giant cockroach (D:1)
  3 goblins (D:1)
  2 hobgoblins (D:1)
  8 jackals (D:1)
  2 ball pythons
  2 bats (D:1)
  5 frilled lizards (D:1)
  2 kobolds (D:1)
  5 rats (D:1)
39 creatures vanquished.

Notes
Turn   | Place    | Note
-------+----------+-------------------------------------------
     0 | Abyss:1  | xian the Demonspawn Abyssal Knight began the quest for the
                  | Orb.
     0 | Abyss:1  | Reached XP level 1. HP: 18/18 MP: 2/2
   112 | Abyss:1  | Noticed a wight
   112 | Abyss:1  | Noticed a wight
   113 | D:1      | Escaped the Abyss
   262 | D:1      | Reached ** piety under Lugonu
   292 | D:1      | Gained mutation: You are surrounded by a mild repulsion
                  | field. (EV +2) [demonic ancestry]
   292 | D:1      | Reached XP level 2. HP: 7/24 MP: 3/3
   760 | D:1      | Reached skill level 1 in Dodging
   761 | D:1      | Gained mutation: You have large cloven feet. [demonic
                  | ancestry]
   761 | D:1      | Reached XP level 3. HP: 24/30 MP: 4/4
  1540 | D:2      | Gained mutation: You have hoof-like feet. [demonic
                  | ancestry]
  1540 | D:2      | Reached XP level 4. HP: 8/37 MP: 6/6
  1544 | D:2      | Slain by a gnoll

Illustrated notes

Levels and vault maps discovered:
D:1:      onia_arrival_mini_spirals, layout_basic, minmay_pentomino_w4
D:2:      layout_basic

Skill      XL: |  1  2 |
---------------+-------+-----
Axes           | 2 |  2.6
Armour         | 2 |  2.4
Dodging        | 1 |  1.0
Fighting       | |  3.8
Invocations    | |  2.7

Action                   |  1- 3 |  4- 6 || total
-------------------------+-------+-------++-------
Melee: Hand axe          |   143 |     3 ||   146
       Punch             |     1 |       ||     1
       Kick              |     9 |     2 ||    11
Invok: Depart the Abyss  |     1 |       ||     1
  Use: Potion            |       |     1 ||     1
Armor: Plate armour      |   120 |     1 ||   121
       Leather armour    |     2 |       ||     2
Dodge: Dodged            |    50 |     1 ||    51
